 Dungeon Crawl Stone Soup version 0.31-a0-232-gb1c03b2570 (webtiles) character file.

Game seed: 5260488404611329000

7644 qw the Skirmisher (level 10, -4/91 HPs)
             Began as a Minotaur Hexslinger on July 7, 2023.
             Was a Priest of Okawaru.
             Slain by a yak (13 damage)
             ... on level 9 of the Dungeon.
             The game lasted 00:03:54 (8162 turns).

qw the Skirmisher (Minotaur Hexslinger)             Turns: 8162, Time: 00:03:54

Health: -4/91      AC: 13    Str: 12    XL:     10   Next: 99%
Magic:  11/12      EV: 24    Int: 10    God:    Okawaru [***...]
Gold:   584        SH:  0    Dex: 27    Spells: 10/11 levels left

rFire   + . .        r - +0 arbalest
rCold   . . .        (shield currently unavailable)
rNeg    . . .        k - +1 leather armour of the Bull {rElec rF+ SInv Stlth-}
rPois   .            n - +2 hat
rElec   +            c - +2 cloak
rCorr   .            b - +0 pair of gloves
SInv    +            m - +0 pair of boots
Will    +....        (no amulet)
Stlth   ++           i - ring of Lugonu's Displeasure {Will+ Dex+3}
HPRegen 0.35/turn    h - +6 ring of dexterity
MPRegen 0.13/turn

%: no passive effects
@: heroic, marked
A: horns 2, retaliatory headbutt
a: Renounce Religion, Heroism


You were on level 9 of the Dungeon.
You worshipped Okawaru.
Okawaru was most pleased with you.
You visited 2 branches of the dungeon, and saw 10 of its levels.

You collected 584 gold pieces.


Innate Abilities, Weirdness & Mutations

You have a pair of horns on your head.
You reflexively headbutt those who attack you in melee.


   Skills:
 - Level 9.0(14.0) Fighting
 + Level 13.5(18.5) Ranged Weapons
 - Level 3.1(8.1) Armour
 - Level 8.4(13.4) Dodging
 - Level 1.0 Spellcasting
 - Level 2.0 Hexes
 - Level 4.0 Invocations


You had 10 spell levels left.
You knew the following spells:

 Your Spells              Type           Power      Damage    Failure   Level
a - Slow                  Hex            16%        N/A       19%         1

Your spell library contained the following spells:

 Spells                   Type           Power      Damage    Failure   Level
 Inner Flame              Hex/Fire       2%         N/A       63%         3
 Portal Projectile        Hex/Tloc       4%         N/A       63%         3
 Cause Fear               Hex            2%         N/A       88%         4

Inventory:

Hand Weapons
 o - a +1 antimagic orcbow
 r - a +0 arbalest (weapon)
 Y - a +1 orcbow
Armour
 b - a +0 pair of gloves (worn)
 c - a +2 cloak (worn)
 g - a +0 leather armour of poison resistance
 k - the +1 leather armour of the Bull (worn) {rElec rF+ SInv Stlth-}
   (You found it on level 5 of the Dungeon)

   rF:        It protects you from fire.
   rElec:     It insulates you from electricity.
   SInv:      It lets you see invisible.
   Stlth:     It makes you less stealthy.
 m - a +0 pair of boots (worn)
 n - a +2 hat (worn)
Jewellery
 d - a +4 ring of protection
 h - a +6 ring of dexterity (right hand)
 i - the ring of Lugonu's Displeasure (left hand) {Will+ Dex+3}
   (You found it on level 8 of the Dungeon)

   [ring of willpower]

   Dex:       It affects your dexterity (+3).
   Will:      It increases your willpower.
Scrolls
 l - 5 scrolls of identify
 p - a scroll of torment {unknown}
Potions
 a - a potion of enlightenment
 e - a potion of cancellation
 f - 5 potions of haste
 q - a potion of curing

Dungeon Overview and Level Annotations

Branches:
Dungeon (9/15)             Temple (1/1) D:4
   Lair: D:8-11         Orc: D:9-12

Altars:
Ashenzari
Cheibriados
Dithmenos
Elyvilon
Fedhas
Gozag
Hepliaklqana
Makhleb
Nemelex Xobeh
Okawaru
Qazlal
Ru
Sif Muna
Trog
Uskayaw
Xom
Yredelemnul
The Shining One

Annotations:
D:5 3 runed translucent doors, qw's ghost, novice GrFi


Message History

The yak is severely wounded.
The yak misses you. The yak gores you. The yak misses you.
The yak snorts and paws the ground.
You shoot a bolt. The bolt hits the yak!
You kill the yak!
Okawaru accepts your kill. The yak gores you but does no damage.
Your base Fighting skill increases to level 9!
You shoot a bolt. The bolt hits the yak!
The yak is lightly wounded.
The yak completely misses you. The yak closely misses you.
The yak completely misses you.
You shoot a bolt.
The bolt hits the yak but does no damage.
The yak is lightly wounded.
The yak completely misses you. The yak closely misses you. x2
You shoot a bolt. The bolt hits the yak!
The yak is moderately wounded.
The yak closely misses you. You furiously retaliate!
You headbutt the yak. The yak barely misses you. The yak gores you.
You shoot a bolt. The bolt hits the yak!!
You kill the yak!
Okawaru accepts your kill. The yak completely misses you.
The yak barely misses you. You furiously retaliate!
You headbutt the yak. You shoot a bolt. The bolt hits the yak!!
You kill the yak!
Okawaru accepts your kill. The yak completely misses you.
You furiously retaliate!
You headbutt the yak. The yak completely misses you.
You shoot a bolt.
The bolt hits the yak but does no damage.
The yak is lightly wounded.
The yak closely misses you. The yak misses you.
The yak gores you but does no damage.
You shoot a bolt. The bolt hits the yak!!
The yak is severely wounded.
The yak closely misses you. You furiously retaliate!
You headbutt the yak! The yak gores you but does no damage. The yak gores you!
You die...

# .#
#.####..###
#...@Y....#
#...YY..#.#
#.........#
#...#...#?#
..... #..#
# ###...
... ##.[
.... ###
#####


You could see 3 yaks.

Vanquished Creatures
  Harold (D:9)
  Erica (D:8)
  Joseph (D:9)
  Maurice (D:9)
  A komodo dragon (D:7)
  2 trolls (D:7)
  A wyvern (D:6)
  6 yaks
  Eustachio (D:5)
  An orc warrior (D:8)
  2 black bears
  An ice beast (D:7)
  3 ogres
  6 centaurs
  2 phantoms
  4 bullfrogs
  Blork the orc (D:6)
  3 kobold brigands
  4 scorpions
  A gnoll sergeant (D:6)
  8 wights (D:7)
  6 killer bees (D:9)
  4 howler monkeys
  A jelly (D:2)
  3 gnoll boudas
  3 hounds
  5 orc priests
  An iguana (D:4)
  8 orc wizards
  25 gnolls
  5 adders
  2 shadow imps
  3 white imps
  2 ufetubi
  2 worms
  A dart slug (D:1)
  27 orcs
  15 endoplasms
  2 giant cockroaches
  3 hobgoblins
  A jackal (D:3)
  35 kobolds
  3 quokkas
  9 ball pythons
  4 bats
  6 frilled lizards
  6 goblins
  8 rats
  A butterfly (D:4)
242 creatures vanquished.

Notes
Turn   | Place    | Note
-------+----------+-------------------------------------------
     0 | D:1      | qw the Minotaur Hexslinger began the quest for the Orb.
     0 | D:1      | Reached XP level 1. HP: 16/16 MP: 1/1
     0 | D:1      | 0 ||| qw: Version: 0.3-a-46-gb1f654a
     0 | D:1      | 0 ||| qw: Game counter: 2883
     0 | D:1      | 0 ||| qw: Melee chars always use a shield: true
     0 | D:1      | 0 ||| qw: God list: Okawaru
     0 | D:1      | 0 ||| qw: Allow faded altars: false
     0 | D:1      | 0 ||| qw: Do Orc after clearing Dungeon:15 true
     0 | D:1      | 0 ||| qw: Do second Lair branch before Depths: true
     0 | D:1      | 0 ||| qw: Lair rune preference: random
     0 | D:1      | 0 ||| qw: Goals: Normal
     0 | D:1      | 0 ||| PLANNING D:1-11
   276 | D:1      | Reached skill level 3 in Ranged Weapons
   290 | D:1      | Reached XP level 2. HP: 23/23 MP: 2/2
   711 | D:1      | 711 ||| UPGRADING to +0 leather armour.
   721 | D:1      | 721 ||| DROPPING +0 robe.
   722 | D:1      | 722 ||| READING scroll labelled FOREPU BAJYLE.
   723 | D:1      | 723 ||| READING scroll labelled CUFFAC VIULYN.
   724 | D:1      | 724 ||| DRINKING 3 lumpy red potions.
   725 | D:1      | 725 ||| DROPPING scroll of poison.
   819 | D:2      | Found a faded altar of an unknown god.
   925 | D:2      | Reached XP level 3. HP: 29/29 MP: 3/3
  1049 | D:2      | 1049 ||| Stepping ~*~*~tactically~*~*~ (outnumbered).
  1108 | D:2      | Reached skill level 4 in Ranged Weapons
  1113 | D:2      | Reached XP level 4. HP: 21/36 MP: 4/4
  1365 | D:2      | 1365 ||| UPGRADING to +2 cloak.
  1370 | D:2      | 1370 ||| UPGRADING to ring of resist corrosion.
  1371 | D:2      | 1371 ||| READING scroll labelled HUFAERCHAJY.
  1372 | D:2      | 1372 ||| READING scroll labelled MOAG JITARPHAM.
  1373 | D:2      | 1373 ||| READING scroll labelled NECROEDOAT.
  1374 | D:2      | 1374 ||| READING scroll labelled VOITOM VOWKUUCKA.
  1587 | D:3      | Reached skill level 5 in Ranged Weapons
  1613 | D:3      | Found a glowing golden altar of the Shining One.
  1627 | D:3      | Found a bloodstained altar of Trog.
  2034 | D:3      | Reached skill level 3 in Fighting
  2290 | D:3      | 2290 ||| DROPPING ring of flight.
  2291 | D:3      | 2291 ||| READING scroll labelled GAADDA CUESK.
  2392 | D:3      | 2392 ||| READING scroll labelled LEUNWU XOSM.
  2393 | D:3      | 2393 ||| DRINKING 2 white potions.
  2445 | D:4      | Reached XP level 5. HP: 40/45 MP: 5/5
  2633 | D:4      | Noticed an ogre
  2639 | D:4      | Killed an ogre
  2640 | D:4      | Reached skill level 6 in Ranged Weapons
  2640 | D:4      | Reached XP level 6. HP: 49/51 MP: 6/6
  2660 | D:4      | Found a burning altar of Makhleb.
  2663 | D:4      | Found a staircase to the Ecumenical Temple.
  2665 | D:4      | 2665 ||| PLANNING TEMPLE
  2665 | D:4      | 2665 ||| READING 4 scrolls of identify.
  2665 | D:4      | 2665 ||| IDENTIFYING ruby potion
  2667 | D:4      | 2667 ||| READING 3 scrolls of identify.
  2667 | D:4      | 2667 ||| IDENTIFYING yellow potion
  2668 | D:4      | 2668 ||| READING 2 scrolls of identify.
  2668 | D:4      | 2668 ||| IDENTIFYING lumpy brown potion
  2669 | D:4      | 2669 ||| DROPPING potion of attraction.
  2680 | Temple   | Entered the Ecumenical Temple
  2680 | Temple   | Found a transporter.
  2680 | Temple   | Found a transporter.
  2682 | Temple   | Found a transporter.
  2682 | Temple   | Found a transporter.
  2692 | Temple   | 2692 ||| PLANNING D:1-11
  2736 | D:4      | 2736 ||| FLEEEEING.
  2740 | D:4      | 2740 ||| FLEEEEING.
  2741 | D:4      | 2741 ||| FLEEEEING.
  2742 | D:4      | 2742 ||| FLEEEEING.
  2754 | D:4      | Reached skill level 1 in Armour
  2754 | D:4      | HP: 12/51 [orc priest/nerve-wracking pain (4)]
  2758 | D:4      | HP: 2/51 [orc priest/+0 war axe (10)]
  3152 | D:4      | 3152 ||| READING scroll of enchant weapon.
  3152 | D:4      | 3152 ||| ENCHANTING +2 sling.
  3310 | D:4      | Found a hide-covered altar of Uskayaw.
  3310 | D:4      | Found an iron altar of Okawaru.
  3311 | D:4      | 3311 ||| PLANNING OKAWARU WORSHIP
  3311 | D:4      | 3311 ||| UPGRADING to +0 leather armour of poison
                  | resistance.
  3321 | D:4      | 3321 ||| DROPPING +0 leather armour.
  3322 | D:4      | 3322 ||| UPGRADING to +6 ring of dexterity.
  3323 | D:4      | 3323 ||| READING scroll labelled XAEDAXK TOMU.
  3330 | D:4      | Became a worshipper of Warmaster Okawaru
  3331 | D:4      | 3331 ||| PLANNING D:1-11
  3345 | D:5      | Entered Level 5 of the Dungeon
  3345 | D:5      | Noticed Eustachio
  3356 | D:5      | 3356 ||| STAIRDANCE
  3359 | D:4      | Reached skill level 3 in Dodging
  3436 | D:5      | Killed Eustachio
  3437 | D:5      | Reached skill level 7 in Ranged Weapons
  3437 | D:5      | Reached XP level 7. HP: 56/59 MP: 7/7
  3464 | D:5      | Reached * piety under Okawaru
  3465 | D:5      | Reached skill level 8 in Ranged Weapons
  3532 | D:5      | 3532 ||| INVOKING Heroism.
  3545 | D:5      | 3545 ||| FLEEEEING.
  3550 | D:5      | 3550 ||| FLEEEEING.
  3551 | D:5      | 3551 ||| FLEEEEING.
  3552 | D:5      | 3552 ||| FLEEEEING.
  3557 | D:5      | 3557 ||| FLEEEEING.
  3558 | D:5      | 3558 ||| FLEEEEING.
  3560 | D:5      | 3560 ||| STAIRDANCE
  3597 | D:4      | 3597 ||| UPGRADING to +0 pair of gloves.
  3602 | D:4      | 3602 ||| READING scroll labelled ADUGAR EDGHIUJ.
  3683 | D:5      | 3683 ||| FLEEEEING.
  3684 | D:5      | 3684 ||| FLEEEEING.
  3685 | D:5      | 3685 ||| FLEEEEING.
  3686 | D:5      | 3686 ||| FLEEEEING.
  3687 | D:5      | 3687 ||| FLEEEEING.
  3688 | D:5      | 3688 ||| STAIRDANCE
  3719 | D:4      | 3719 ||| READING 2 scrolls of identify.
  3719 | D:4      | 3719 ||| IDENTIFYING coppery potion
  3720 | D:4      | 3720 ||| DROPPING potion of ambrosia.
  3798 | D:5      | Reached skill level 1 in Invocations
  3915 | D:5      | Reached XP level 8. HP: 63/68 MP: 8/8
  3940 | D:5      | Found a runed translucent gate.
  3940 | D:5      | Found a runed translucent gate.
  3940 | D:5      | Found a runed translucent gate.
  3947 | D:5      | Noticed qw's ghost (novice GrFi)
  3947 | D:5      | Identified the +5 chain mail of Amelioration {Int+4 Dex+3}
  3969 | D:5      | Identified the +1 leather armour of the Bull {rElec rF+
                  | SInv Stlth-}
  4088 | D:5      | 4088 ||| UPGRADING to +1 leather armour of the Bull {rElec
                  | rF+ SInv Stlth-}.
  4098 | D:5      | 4098 ||| READING 3 scrolls of identify.
  4098 | D:5      | 4098 ||| IDENTIFYING brown potion
  4099 | D:5      | 4099 ||| DROPPING potion of degeneration.
  4129 | D:6      | Noticed Blork the orc
  4130 | D:6      | 4130 ||| PLANNING SEWER
  4130 | D:6      | 4130 ||| INVOKING Heroism.
  4136 | D:6      | Killed Blork the orc
  4181 | D:6      | 4181 ||| INVOKING Heroism.
  4290 | D:6      | Reached skill level 3 in Invocations
  4443 | D:6      | 4443 ||| INVOKING Heroism.
  4455 | D:6      | Reached skill level 9 in Ranged Weapons
  4471 | D:6      | 4471 ||| FLEEEEING.
  4491 | D:6      | 4491 ||| Stepping ~*~*~tactically~*~*~ (outnumbered).
  4576 | D:6      | 4576 ||| INVOKING Heroism.
  4579 | D:6      | Reached skill level 6 in Fighting
  4783 | D:6      | 4783 ||| INVOKING Heroism.
  4830 | D:6      | 4830 ||| RIP SEWER
  4862 | D:6      | 4862 ||| PLANNING D:1-11
  4974 | D:6      | 4974 ||| INVOKING Heroism.
  4979 | D:6      | Reached XP level 9. HP: 78/78 MP: 8/11
  5224 | D:6      | 5224 ||| READING scroll labelled HIEMEL EDGHUF.
  5225 | D:6      | 5225 ||| DRINKING 2 amethyst potions.
  5226 | D:6      | 5226 ||| DROPPING potion of brilliance.
  5301 | D:7      | 5301 ||| FLEEEEING.
  5302 | D:7      | 5302 ||| FLEEEEING.
  5304 | D:7      | 5304 ||| FLEEEEING.
  5310 | D:7      | 5310 ||| FLEEEEING.
  5311 | D:7      | 5311 ||| FLEEEEING.
  5315 | D:7      | 5315 ||| FLEEEEING.
  5316 | D:7      | 5316 ||| FLEEEEING.
  5317 | D:7      | 5317 ||| FLEEEEING.
  5318 | D:7      | 5318 ||| FLEEEEING.
  5319 | D:7      | 5319 ||| FLEEEEING.
  5320 | D:7      | 5320 ||| FLEEEEING.
  5321 | D:7      | 5321 ||| FLEEEEING.
  5322 | D:7      | 5322 ||| FLEEEEING.
  5334 | D:7      | 5334 ||| INVOKING Heroism.
  5357 | D:7      | Reached skill level 10 in Ranged Weapons
  5384 | D:7      | Reached ** piety under Okawaru
  5402 | D:7      | Noticed a komodo dragon
  5403 | D:7      | 5403 ||| INVOKING Heroism.
  5418 | D:7      | Killed a komodo dragon
  5439 | D:7      | Noticed a troll
  5440 | D:7      | 5440 ||| FLEEEEING.
  5539 | D:7      | 5539 ||| INVOKING Heroism.
  5543 | D:7      | Reached skill level 11 in Ranged Weapons
  5603 | D:7      | Noticed a troll
  5604 | D:7      | 5604 ||| FLEEEEING.
  5605 | D:7      | 5605 ||| FLEEEEING.
  5651 | D:7      | 5651 ||| INVOKING Heroism.
  5658 | D:7      | Killed a troll
  5659 | D:7      | Reached skill level 6 in Dodging
  5682 | D:7      | 5682 ||| INVOKING Heroism.
  5691 | D:7      | Killed a troll
  5735 | D:7      | 5735 ||| SWAPPING to +0 shortbow.
  5736 | D:7      | 5736 ||| DROPPING +3 sling.
  5985 | D:7      | 5985 ||| INVOKING Heroism.
  5993 | D:7      | HP: 17/78 [wight/+0 spear (9)]
  6007 | D:7      | HP: 8/77 [wight/+2 halberd (9)]
  6008 | D:7      | 6008 ||| INVOKING Heroism.
  6251 | D:7      | 6251 ||| SWAPPING to +0 orcbow.
  6252 | D:7      | 6252 ||| DROPPING +0 shortbow.
  6314 | D:7      | 6314 ||| READING scroll of enchant weapon.
  6314 | D:7      | 6314 ||| ENCHANTING +0 orcbow.
  6494 | D:7      | 6494 ||| UPGRADING to +0 pair of boots.
  6499 | D:7      | 6499 ||| UPGRADING to +2 hat.
  6504 | D:7      | 6504 ||| UPGRADING to +4 ring of protection.
  6506 | D:7      | 6506 ||| DROPPING ring of resist corrosion.
  6583 | D:8      | 6583 ||| INVOKING Heroism.
  6640 | D:8      | Reached skill level 3 in Armour
  6645 | D:8      | Reached skill level 12 in Ranged Weapons
  6645 | D:8      | Reached XP level 10. HP: 86/86 MP: 12/12
  6660 | D:8      | 6660 ||| Stepping ~*~*~tactically~*~*~ (outnumbered).
  6765 | D:8      | Noticed Erica
  6766 | D:8      | 6766 ||| INVOKING Heroism.
  6776 | D:8      | 6776 ||| DRINKING potion of curing.
  6776 | D:8      | 6776 ||| (to cure confusion)
  6783 | D:8      | Killed Erica
  6959 | D:8      | Identified the ring of Lugonu's Displeasure {Will+ Dex+3}
  6997 | D:8      | 6997 ||| INVOKING Heroism.
  7054 | D:8      | 7054 ||| Stepping ~*~*~tactically~*~*~ (outnumbered).
  7059 | D:8      | 7059 ||| Stepping ~*~*~tactically~*~*~ (outnumbered).
  7061 | D:8      | 7061 ||| Stepping ~*~*~tactically~*~*~ (outnumbered).
  7521 | D:8      | 7521 ||| UPGRADING to ring of Lugonu's Displeasure {Will+
                  | Dex+3}.
  7523 | D:8      | 7523 ||| READING scroll labelled HOSOUP SUNKUU.
  7953 | D:9      | Noticed Maurice
  7967 | D:9      | Killed Maurice
  8106 | D:9      | Noticed Harold
  8107 | D:9      | 8107 ||| SWAPPING to +0 arbalest.
  8108 | D:9      | 8108 ||| INVOKING Heroism.
  8114 | D:9      | Killed Harold
  8114 | D:9      | Reached *** piety under Okawaru
  8115 | D:9      | Reached skill level 13 in Ranged Weapons
  8129 | D:9      | 8129 ||| INVOKING Heroism.
  8132 | D:9      | Noticed Joseph
  8145 | D:9      | Killed Joseph
  8147 | D:9      | HP: 21/90 [yak (11)]
  8148 | D:9      | 8148 ||| READING scroll of teleportation.
  8153 | D:9      | 8153 ||| INVOKING Heroism.
  8153 | D:9      | HP: 13/90 [yak (1)]
  8156 | D:9      | Reached skill level 9 in Fighting
  8158 | D:9      | HP: 8/91 [yak (3)]
  8162 | D:9      | Slain by a yak

Levels and vault maps discovered:
D:1:      matt_arrival_los_fun, layout_basic, minmay_indecisive_spiral
D:2:      cheibrodos_fertilizer, layout_rooms,
          shapermc_ecumenical_altar_totnotflames,
          wander_ebering_terrifying_dragon_lair
D:3:      minmay_door_path, layout_loops_ring,
          mainiacjoe_overflow_cross_hatched, tso_metal_star,
          serial_bayou_pond_c, minmay_misc_feat_roman
D:4:      layout_cave_pools, kennysheep_little_box,
          gammafunk_temple_overflow_pools, minmay_temple_entry_butterflies,
          hangedman_decor_peaks_small
D:5:      layout_rooms, biasface_ghost_orc_armoury, uniq_eustachio
D:6:      black_bear_nest_2, layout_cave_pods, gup_sewer_entry_glass,
          uniq_blork_the_orc
D:7:      layout_basic, kb_rosetta
D:8:      layout_basic, uniq_erica
D:9:      layout_loops_corners, overflow_temple_1_default, vehumet_statue,
          uniq_joseph, uniq_maurice, uniq_harold
Temple:   hellmonk_temple_divided_pantheon

Skill      XL: |  1  2  3  4  5  6  7  8  9 10 |
---------------+-------------------------------+-----
Ranged Weapons | 3 4 5 6 7 8 9 12 13 | 13.5
Fighting       | 2 3 4 5 6 7 9 |  9.0
Armour         | 1 3 |  3.1
Dodging        | 3 4 6 8 |  8.4
Invocations    | 1 4 |  4.0
Spellcasting   | |  1.0
Hexes          | |  2.0

Action                     |  1- 3 |  4- 6 |  7- 9 | 10-12 || total
---------------------------+-------+-------+-------+-------++-------
   Fire: Sling             |    97 |   180 |   354 |       ||   631
         Shortbow          |       |       |    47 |       ||    47
         Orcbow            |       |       |    22 |   102 ||   124
         Arbalest          |       |       |       |    46 ||    46
 Invoke: Heroism           |       |       |    15 |     5 ||    20
    Use: Scroll            |     2 |    11 |     5 |     2 ||    20
         Potion            |     1 |     1 |     1 |     1 ||     4
 Armour: Robe              |     7 |       |       |       ||     7
         Leather armour    |     3 |    28 |    37 |    19 ||    87
  Dodge: Dodged            |    23 |    60 |   150 |   102 ||   335

Table legend:
 A = Non-vault XP
 B = Vault XP
 C = Vault XP percentage of total XP
 D = Non-vault monster count
 E = Vault monster count
 F = Vault count percentage of total count
                 A         B        C        D         E       F
            +---------+---------+-------+---------+---------+-------
      Total |    6585 |    4336 |  39.7 |     207 |      34 |  14.1
            +---------+---------+-------+---------+---------+-------
        D:1 |      26 |       5 |  16.1 |      15 |       4 |  21.1
        D:2 |      23 |      69 |  75.0 |      13 |      17 |  56.7
        D:3 |      58 |       4 |   6.5 |      19 |       2 |   9.5
        D:4 |     535 |       0 |   0.0 |      28 |       0 |   0.0
        D:5 |     512 |     197 |  27.8 |      26 |       1 |   3.7
        D:6 |    1301 |     220 |  14.5 |      30 |       2 |   6.2
        D:7 |    1155 |    1167 |  50.3 |      23 |       4 |  14.8
        D:8 |     968 |     844 |  46.6 |      31 |       1 |   3.1
        D:9 |    2007 |    1830 |  47.7 |      22 |       3 |  12.0
            +---------+---------+-------+---------+---------+-------
